[Event "44th Chess Olympiad Open 2022"]
[Site "Chennai"]
[Date "2022.08.01"]
[Round "4.45"]
[White "Pasko, Llambi"]
[Black "Al Maashani, Amer"]
[Result "1-0"]
[WhiteElo "2418"]
[BlackElo "1947"]
[Annotator "TA"]
[PlyCount "63"]
[EventDate "2022.??.??"]
[TimeControl "60"]

1. d4 d5 2.
c4 dxc4 3. e3 e5 4. Bxc4 exd4 5.
exd4 Nf6 6. Nf3 Bb4+ 7. Nc3 O-O 8. h3 {[%emt 0:00:
00] D20: Queen's Gambit Accepted: 3 e3 and 3 e4.} c5 9. O-O {
[%emt 0:08:36] [#]} cxd4 $146 ({Predecessor:} 9... h6 10. Be3
Nbd7 11. Qb3 Qa5 12. Rfd1 Bxc3 13. bxc3 cxd4 14. Rxd4 Nc5 15. Qb4 Qxb4 16. cxb4
{1-0 (25) Szabo,Z (2225)-Szakolczai,P (2225) Hungary 1995}) 10. Nxd4 {[%emt 0:
00:00] White is slightly better.} Nbd7 11. Qb3 ({Better is} 11. Bf4 $16) 11... Qa5 $11 12. Bd2 Ne5 13. Be2 Rd8 14. Be3 Bd7 15. Bg5 Bxh3 16. Rad1 Bd7 (16...
Bxc3 $11 17. bxc3 Bd7) 17. Bxf6 $16 gxf6 18.
Nd5 {[%emt 0:00:23] Pair of Knights!} Ba4 19. Qg3+ (19. Qxb4 $6 Rxd5 20. Qxa5 Rxa5 $11) 19... Ng6 20. Nb3
{[%emt 0:00:06] White is much more active. The black rooks are badly placed.}
Bxb3 21. Qxb3 Bd2 22. Nxf6+ Kg7 23. Nh5+ Kg8 ({Black should play} 23... Kf8 $1 $14) 24.
Qxb7 {[%emt 0:04:31][%cal Ye2c4] Black must now prevent Bc4!} Rab8 25. Qf3 $40 {[%emt 0:00:22] Bc4 is the strong threat. White is out for
blood.} Qg5 $2 {[%emt 0:03:46] [#] A mistake that costs the game.} (25... Qxa2
$16 26. b4 (26. Qf6 Qxb2 27. Qa6 Qe5 $11) 26... Kf8) 26. Nf6+ $18 (26. Bc4 $2 Ne5 27. Bxf7+ (27. Nf6+ $2 Kh8 $19) 27... Kf8 $19) 26... Kg7 27. Ne4 Qa5 (27... Qf4 {
was necessary.} 28. Nxd2 Rxb2 29. Qc3+ Qd4 30. Qxd4+ Rxd4) 28. Qf6+ {[%emt 0:
01:27] White is clearly winning.} ({Less strong is} 28. Rxd2 Rxd2 29. Qf6+ (29.
Nxd2 Qxd2 30. Bc4 Qf4 $16) (29. Bc4 Rd7 $11) 29... Kg8 30. Nxd2 (30. Bc4 Rd7
$11) 30... Qxd2 $16) 28... Kg8 29. Bc4 Ne5 30. Nxd2 Rxd2 31. Rxd2 Nxc4 32. Rd4 {[%emt 0:00:13] Weighted Error
Value: White=0.08 (flawless) /Black=0.48} 1-0

[Event "44th Chess Olympiad Open 2022"]
[Site "Chennai"]
[Date "2022.08.01"]
[Round "4.45"]
[White "Mehmeti, Dritan"]
[Black "Salim Issa, Ali Shamas"]
[Result "1-0"]
[WhiteElo "2371"]
[BlackElo "1851"]
[Annotator "TA"]
[PlyCount "87"]
[EventDate "2022.??.??"]
[TimeControl "60"]

1. d4 Nf6 2. Bg5 d5 3. Bxf6 exf6 4. e3 c5 5. c3 Nc6 6. Nd2 {[%emt 0:00:
00] D00:1 d4 d5: Unusual lines.} Be6 7. dxc5 Bxc5 8. Nb3 {[%emt 0:00:26] The position is equal.} Bb6 9. Nf3 O-O 10. Be2 Re8 11. O-O {[%emt 0:00:10] [#]} g6 $146 ({Predecessor:} 11... Qe7 12. Re1 Rad8 13. Nbd4 Ne5 14. a4 a6 15. Qb3 Bc7
16. Rad1 Bb8 17. g3 Bh3 {1-0 (40) Gulko,A (2093)-Richardson,R (1941) Toronto
2004}) 12. Qd2 f5 13. Rad1 Qf6 14. Nbd4 Rad8 15. g3 Bd7 16. Rfe1 Kg7 17. Bf1 h6 18. Bg2 g5 19. Nc2 Be6 20. a3 Bc8 21. Nb4 Ne7 22. Nd4 a5 23.
Nd3 Ng6 24. b4 f4 25. exf4 Rxe1+ 26. Rxe1 Bxd4 (26... gxf4 $1 $11 {is
superior.} 27. Nc5 (27. Nxf4 Nxf4 28. Qxf4 Qxf4 $14) (27. gxf4 axb4 28. axb4
Bxd4 $15) 27... Ne5) 27. cxd4 $16 {[%emt 0:00:06] And now fxg5 would win.
Black is on the road to losing.} Qxd4 (27... gxf4 $142 28. Ne5
(28. gxf4 Qxd4 29. Qe3 Qxe3 $11) (28. Nxf4 Nxf4 29. Qxf4 Qxf4 $14) (28. bxa5
Qxd4 29. Qd1 Qf6 $14) 28... axb4) 28. fxg5 axb4 (28... hxg5 $16 29. Qxg5 f6) 29. gxh6+ $18 Kh7 30. axb4 Bf5 $2 {[%emt 0:00:14] [#]} (30... Be6 31. h4
Rg8) 31. Qg5 $1 Bxd3 32. Qxd8 Qxb4 33. Qe8 Be4 34. Qxf7+ Kxh6 35. Rf1 Bxg2 36. Kxg2 {[%emt 0:00:06] Endgame KQR-KQN} d4 37. Qd5 Qd2 38. Rb1 {[%emt 0:02:10] [#]
White threatens h4 and mate.} d3 39. Rb6 {[%emt 0:01:11]
White mates.} Qe2 40. Qf5 Qe8 41. Qxd3 Qf7 42.
Qe4 Qg8 43. Qf4+ Kg7 44. Rxb7+ {[%emt 0:00:12] Weighted Error Value: White=0.09 
(flawless) /Black=0.62} 1-0

[Event "44th Chess Olympiad Open 2022"]
[Site "Chennai"]
[Date "2022.08.01"]
[Round "4.45"]
[White "Salim Mohammed, Salim Al Amri"]
[Black "Ashiku, Franc"]
[Result "0-1"]
[WhiteElo "1917"]
[BlackElo "2422"]
[Annotator "TA"]
[PlyCount "122"]
[EventDate "2022.??.??"]
[TimeControl "60"]

1. d4 Nf6 2. c4 g6 3. Nc3 Bg7 4. e4 d6 5. Nf3 O-O 6. Be2 Na6 7. O-O e5 8. d5 Nc5 9. Qc2 a5 10. Ne1 Nfd7 11. b3 {[%emt 0:00:45] E94:
King's Indian: Classical: 6 Be2 e5 7 0-0: Various Black 7th moves.} f5 12. f3 f4 13. a3 {[%emt 0:00:
00] White has an edge.} g5 14. Rb1 {[%emt 0:00:05] [#]} a4
$146 ({Predecessor:} 14... Nf6 15. b4 Ncd7 16. Nd3 Ne8 17. c5
Ndf6 18. Nf2 h5 19. h3 Rf7 20. Bd2 Bf8 {1-0 (57) Kinnunen,K (2220)-Vinke,D 
(2188) Finland 2007}) 15. Nxa4 Nxa4 16. bxa4 Rf7 (16... Nc5 $11) 17. Nd3 $14 Bf8 18. g4 (18. Bd2 $14) 18... fxg3 (18... h5 $11) 19. hxg3 b6 20. Bd2 Qf6 21. Rf2 Qg6 22. g4 Nf6 23.
a5 bxa5 (23... h5 $11) 24. c5 h5 {[%emt 0:07:24] [#]} (24... Ba6 $14) 25. gxh5 (25. cxd6
$1 $18 cxd6 26. Qc6) 25... Qxh5 {[%emt 0:02:39] ...Rh7 is the strong threat.}
26. Rh2 Qg6 27. Rg2 (27.
cxd6 $16 cxd6 28. Qc6) 27... g4 $11 28. c6
$2 {[%emt 0:08:52] White is now going downhill.} (28. cxd6 $11 {and White is
okay.} cxd6 29. Qc6) 28... Rh7 (28... g3 $19 {has better
winning chances. Threatens to win with ...Bh3.} 29. Nf2 Nh5) 29. Nf2 (29. fxg4 $17 {was forced.} Qxe4 30. Rf1 Nxd5 31. Bf3 Qd4+ 32. Nf2)
29... g3 $19 30. Nh1 $2 (30. f4 Rg7 31. Nh1
Nxe4 32. Bd3) 30... Rh3 {[%emt 0:00:58] Strongly threatening ...Nh5.} 31. Rf1
$2 (31. Qc1 Nh5 32. Nf2 gxf2+ 33. Kxf2) 31... Nh5 32. f4 exf4 33. Bxf4 Nxf4 34. Rxf4 {[%emt 0:00:12] [#]} Rxh1+ $1 35. Kxh1 {[%emt 0:00:02] aiming for Rf3.} Qh6+ 36. Kg1 Qxf4 37. Qc3 Rb8 {[%emt 0:04:
52] ( -> ...Rb1+)} 38. Rxg3+ {[%emt 0:00:38] [#]} Kh7 $1 39.
Rf3 (39. Qf3 $142 Qxf3 40. Rxf3) 39... Rb1+ 40. Bf1 Qg4+ 41. Kf2 Bg7 42. e5 Qh4+ {[%emt 0:04:01] Black mates.} 43.
Rg3 Bxe5 44. Bd3+ Kh8 45. Qxe5+ dxe5 46. Bxb1 Qf4+ 47. Kg2 Qd2+ 48. Kf3 Qd1+ 49. Kg2 Qxb1 50. a4 Qc2+ 51. Kg1 Qd1+ 52. Kh2 e4 53. d6 Qxd6 54. Kh1 Qd1+ 55. Kh2 Bg4 56. Rg2 Bf3 57. Rg6 Qh1+ 58. Kg3 Qg1+ 59. Kh4 Qxg6 60. Kh3 Kg8 61. Kh4 Qg4# {[%emt 0:01:31] Weighted Error
Value: White=0.91/Black=0.50} 0-1

[Event "44th Chess Olympiad Open 2022"]
[Site "Chennai"]
[Date "2022.08.01"]
[Round "4.45"]
[White "Al Busaidi, Hamood"]
[Black "Veleshnja, Zino"]
[Result "0-1"]
[WhiteElo "1743"]
[BlackElo "2263"]
[Annotator "NA RC"]
[PlyCount "80"]
[EventDate "2022.??.??"]
[TimeControl "60"]

1. e4 c5 2. Nf3 d6 3. d3 Nf6 4. g3 g6 5. Bg2 Bg7 6. O-O O-O 7. Nc3 Nc6 8. h3 Rb8 9. a4 a6 10. Be3 b5 11. axb5 axb5 12. Ne2 Bb7 13. c3 e5 14. Nd2 Qe7 15.
f4 exf4 16. gxf4 Bh6 17. d4 cxd4 18. cxd4 Nd5 19. Qb3 Nxe3 20. Qxe3 d5 21. e5 Nb4 22. Rfc1 Rfc8 23. Rxc8+ Bxc8 24. Qc3 Bf5 25. Nb3 Bd3 26. Nec1 Be4 27. Bxe4 dxe4 28. Ne2 Nd3 29. Qc6 Qh4 30. Qxe4 Nf2 31. Qf3 Nxh3+ 32. Kg2 Nxf4+ 33. Nxf4 Bxf4 34. Rh1 Qg5+ 35. Kf2 Rc8 36. Nc5 Bxe5 37. Rxh7 Bxd4+ 38. Ke2 Kxh7 39. Qxf7+ Kh6 40. Ne6 Qe3+ 0-1

[Event "44th Chess Olympiad Open 2022"]
[Site "Chennai"]
[Date "2022.08.01"]
[Round "4.46"]
[White "Lim, Zhuo Ren"]
[Black "Rakotomaharo, Fy Antenaina"]
[Result "0-1"]
[WhiteElo "2318"]
[BlackElo "2490"]
[Annotator "TA"]
[PlyCount "94"]
[EventDate "2022.??.??"]
[TimeControl "60"]

1. d4 Nf6 2. c4 e6 3. Nf3 d5 4. g3 Be7 5. Bg2 O-O 6. O-O a5 7. Qc2 {[%emt 0:01:01] is recently more successful than 7.Nc3.
E06: Closed Catalan: Early deviations.} Nc6 8. a3 {[%emt 0:00:
00] [#]} dxc4 $146 ({Predecessor:} 8... Re8 9. Bf4 Bd6 10. c5
Bxf4 11. gxf4 Ne4 12. b3 Qf6 13. e3 e5 14. Nxe5 Bf5 {1-0 (31) Baltag,I (2393)
-Dodon,V Kishinev 2021}) 9. Qxc4 {[%emt 0:00:40] White is slightly better.} a4 10. Bg5 Bd7 11. Nbd2 Na5 12. Qc2 c5 13. dxc5 Rc8 14. Bxf6 gxf6 15. Rac1 (15. Ne4 $5 )
15... Rxc5 16. Qd3 Bc6 17.
Qe3 Qd5 18. Ne1 Qe5 19. Nd3 Qxe3 20. fxe3 Rb5 (20... Rxc1 $15 {stays ahead.}
21. Rxc1 Bb5) 21. Bxc6 (21. Rf4 $16) 21... Nxc6 $11 22. Ne4 f5 23. Nec5 {[%emt 0:01:47] [#]} Ne5 $1 24. Nxa4 Bg5 {[%emt 0:04:26] aiming for ...Nxd3.
} 25. Nf4 Ng4 {[%emt 0:00:17] And now ... e5 would win.} 26.
Rc5 Rb3 27. Rf3 b5 $36 {
[%emt 0:10:05] Black has the initiative.} 28. h3 bxa4 29. hxg4 Be7 30. Ra5 (30. Rc4 $1 $11 {remains equal.}) 30... fxg4 $17 31. Rf1 Rxe3 32. Kf2 {[%emt 0:03:07] [#]
} Re4 33. Rc1 Rb8 34. Nd3 Bd8 35. Ra6 Bb6+ 36. Kf1 Be3 37. Rcc6 Rb5 {[%emt 0:00:11] Against Ra5. Strongly threatening ...Rf5+. Black is more
active.} 38. Rc8+ Kg7 {[%emt 0:00:04] Hoping for ...Rf5+.} 39.
Rca8 $2 {[%emt 0:00:03] This move loses the game for White.} (39. Kg2 $17)
39... Rf5+ $19 40. Ke1 Rh5 41. Kf1 Bd4 42. Nf4 Rh2 {[%emt 0:01:24][%cal Ye4f4] ( -> ...Rxf4+!)} 43. Rxa4 e5 44. Re8 {[%emt 0:
00:00] [#]} (44. Rxd4 $19 Rxd4 45. Ng2) 44... exf4 $1 {[%emt 0:00:31] Black
mates.} 45. Rxe4 (45. gxf4 Rxf4+) 45... Rh1+ 46. Kg2 Rg1+ 47. Kh2 fxg3# {
[%emt 0:00:34] Weighted Error Value: White=0.47/Black=0.15 (very precise)} 0-1

[Event "44th Chess Olympiad Open 2022"]
[Site "Chennai"]
[Date "2022.08.01"]
[Round "4.46"]
[White "Tan, Jun Ying"]
[Black "Rakotomaharavo, Dylan"]
[Result "1/2-1/2"]
[WhiteElo "2191"]
[BlackElo "1948"]
[Annotator "NA RC"]
[PlyCount "168"]
[EventDate "2022.??.??"]
[TimeControl "60"]

1. d4 Nf6 2. c4 e6 3. Nc3 Bb4 4. e3 O-O 5. Bd3 d5 6. Nf3 b6 7. O-O dxc4 8.
Bxc4 Ba6 9. Bxa6 Nxa6 10. Qa4 Qc8 11. Bd2 Qb7 12. Rfc1 Rfc8 13. Nb5 Bf8 14. b4 c6 15. Na3 b5 16. Qb3 Bd6 17. Nc2 Nb8 18.
a4 Nbd7 19. a5 e5 20. Ng5 Nf8 21. dxe5 Bxe5 22. Nd4 Bxd4 23. exd4 h6 24. Nf3 Ne6 25. Be3 Qd7 26. Ne5 Qd6 27. Qb2 Rc7 28. Rc2 Rac8 29. Rac1 Nd5 30. Nd3 Ne7 31. Rd2 Nd5 32. Qb1 f5 33. g3 Nxe3 34. fxe3 Ng5 35. Qb3+ Kh7 36. Ne5 Qd5 37. Qxd5 cxd5 38. Rf1 g6 39. g4 fxg4 40. Nxg4 Kg7 41. h4 Ne4 42. Rg2 Rc1 43. Ne5 g5 44. hxg5 hxg5 45. Nd3 Rxf1+ 46. Kxf1 Rc3 47. Nc5 Kg6 48. Ke2 Kf5 49. Nxe4 Kxe4 50. Rxg5 Rxe3+ 51. Kd2 Rd3+ 52. Kc2 Rxd4 53.
Rg7 Rc4+ 54. Kd2 Kd4 55. Rg4+ Ke5 56. Rg7 Rxb4 57. Rxa7 Ra4 58. a6 Kd4 59. Ra8 Ra2+ 60. Kc1 Kc3 61. Kb1 Ra4 62. a7 Kb3 63. Rd8 Rxa7 64. Rxd5 b4 65. Rd3+ Kc4 66. Rh3 Rg7 67. Kb2 Rg2+ 68. Kb1 Kb5 69. Rh5+ Ka4 70. Rh3 Re2 71. Rg3 Kb5 72. Rg5+ Kc4 73. Rg3 Rd2 74. Rh3 Rd8 75. Kb2 Rf8 76. Rh4+ Kb5 77. Rh5+ Ka4 78. Rh3 Rf4 79. Rg3 Rh4 80. Rf3 Rh2+ 81. Kb1 Rh1+ 82. Kb2 Rh2+ 83. Kb1 Rh1+ 84. Kb2 Rh2+ 1/2-1/2

[Event "44th Chess Olympiad Open 2022"]
[Site "Chennai"]
[Date "2022.08.01"]
[Round "4.46"]
[White "Andrianiaina, Heritiana"]
[Black "Wong, Yinn Long"]
[Result "1-0"]
[WhiteElo "2095"]
[BlackElo "2381"]
[Annotator "TA"]
[PlyCount "189"]
[EventDate "2022.??.??"]
[TimeControl "60"]

1. d4 Nf6 2. c4 e6 3. Nc3 Bb4 4. Qc2 O-O 5. a3 Bxc3+ 6. Qxc3 d6 {[%emt 0:00:19] 6...d5
is the modern continuation.} 7. Nf3 Re8 {[%emt 0:00:07] E32:
Nimzo-Indian: Classical (4 Qc2): 4...0-0.} 8. b4 a5 9. Bb2 (9. e3 {with more complications.} e5 10. dxe5
axb4 11. axb4 Ne4 12. Qb2) 9... axb4 {[%emt 0:01:38] The position is equal.}
10. axb4 Rxa1+ 11. Bxa1 e5 12. dxe5 dxe5 13. e3 {
[%emt 0:03:02] [#]} (13. Nxe5 {is more complex.} Ne4 14. Qd3 Qe7 15. c5) 13...
c5 $146 (13... Na6 {with more complications.} 14. Nxe5 Ne4 15.
Qd3 Bf5) ({Predecessor:} 13... Bg4 14. Be2 c5 15. Nxe5 Bxe2 16. Kxe2 cxb4 17.
Qxb4 Ne4 18. Nf3 Qc8 19. Rd1 Na6 {1-0 (40) Delchev,A (2613)-Zelcic,R (2578)
Zadar 2007}) 14. Be2 cxb4 (14... Nc6 {
feels hotter.} 15. bxc5 Ne4 16. Qa3 f6) 15. Qxb4 Nc6 16. Qd2 Qe7 17. O-O Bg4 18. h3 Bh5 19. Rb1 Rd8 (19... Ra8 $1 $11 {keeps the balance.})
20. Qe1 Ne4 {[%emt 0:12:30] [#]} 21. Nxe5 $1 Nxe5 {[%emt 0:04:57] White leaves nothing to chance now.} (21... Bxe2 22. Nxc6)
22. Bxh5 {[%emt 0:00:06] This bishop pair is nice.} Nd3 {[%emt 0:13:07] [#]
Prevents Qb4.} (22... Nxc4 $142 23. Be2 Rc8) 23. Qa5 $1 $16 {[%emt 0:00:49]
[%cal Yb1b7] Rxb7! is the strong threat.} Rf8 (23... Qh4 $16 {
keeps fighting.}) 24. Qd5 $18 Qh4 25. g3 (25. Qxd3 $6 Qxf2+ 26. Kh1 (26. Kh2 Qg3+ 27. Kg1
Qf2+ 28. Kh1 Ng3+ 29. Kh2 Nxh5 $16) 26... Ng3+ 27. Kh2 Nxh5 $18) 25... Nxg3 26. fxg3 {[%emt 0:00:05] Really sharp!} (26. Qxd3 $6 Nxh5 27.
Qf5 b6 $16) (26. Bxf7+ $2 Rxf7 27. Qxd3 Ne4 $19) 26... Qxg3+ 27. Qg2 Qxe3+ 28. Kh1 Qh6 {[%emt 0:04:23] [#]} (28... g6 $142 29. Qf3 Re8) 29. Rg1
$1 g6 30.
Qg5 Qxg5 31. Rxg5 {[%emt 0:00:02] Black must
now prevent Bf3.} Ra8 32. Bd4 {[%emt 0:00:18] Strongly
threatening Bf3.} Ra4 $2 (32... Rd8 {was called for.}) 33. Rd5 f5 34. Bd1 Ra2 35. Be3 {[%emt 0:04:13] Against Rd2} Nf2+ 36.
Bxf2 Rxf2 {[%emt 0:00:00] Endgame KRB-KR} 37. Kg1 Rb2 38. Rd7 b6 39. Bf3 g5 (39... Rb3 $142) 40. Rd5 g4 41. hxg4 fxg4 42. Bxg4 Rb1+ 43. Kf2 {[%emt 0:00:00] White wants to
mate with Bf5.} Rh1 44. Rg5+ (44. Rh5 $142
Rxh5 45. Bxh5 Kf8 46. Ke3 Ke7 47. Kd4 Kd6 48. Bf3 h6 49. Be2) 44... Kf8 45. Rh5 Rc1 46. Be6 (46. Be2 $142 Kg7 47. Rb5) 46... Ke7 47. Bg8 (47. Bd5 $142 Kf6 48. Rh6+ Kf5 49. Rxh7) 47... Kd6 48.
Ke3 Kc6 49. Bd5+ Kc5 50. Bf7+ Kc6 51. Rxh7 Re1+ 52. Kd4 Rd1+ 53. Kc3 Rc1+ 54. Kd2 Rg1 55. Rh6+ Kc5 56. Rh5+ Kd6 57. Kc3 Rc1+ 58. Kb2 Rg1 59. Be8 Rg3 60. Ba4 Kc7 61. Bb3 Kc6 62. Ka3 Rg1 63. Kb4 Rb1 64. Rh6+ Kb7 65. Ka4 Rb2 66. Rf6 Kc7 67. Kb4 Rb1 68. Kc3 Rg1 69. Bc2 Rc1 70. Kd2 Ra1 71. Be4 Ra3 72. Rc6+ Kb7 73. Rf6+ Kc7 74. Bd3 {[%emt 0:00:00]
White mates.} Kb7 75. Ke3 Ra1 76. Be4+ Kc7 77. Kd4 Rd1+ 78. Ke5 Re1 79. Rf7+ Kc8 80. Kd5 Rc1 81. Bf5+ Kb8 82. Be6 Re1 83. Re7 Ka8 84. Kc6 Rb1 85. Rb7 Re1 86. Bd5 Rg1 87. Rxb6 Rg6+ 88. Kc7+ Ka7 89. Rb1 Rg7+ 90. Kc6 Ka8 91. Ra1+ Kb8 92. c5 Rc7+ 93. Kb5 Rc8 94. Ra8+ Kc7 95. Rxc8+ {
[%emt 0:00:38] Weighted Error Value: White=0.23 (precise) /Black=0.62} 1-0

[Event "44th Chess Olympiad Open 2022"]
[Site "Chennai"]
[Date "2022.08.01"]
[Round "4.46"]
[White "Rajerison, Mananihaja Charly"]
[Black "Poh, Yu Tian"]
[Result "0-1"]
[WhiteElo "1912"]
[BlackElo "2118"]
[Annotator "NA RC"]
[PlyCount "123"]
[EventDate "2022.??.??"]
[TimeControl "60"]

1. e4 c5 2. Nf3 d6 3. d4 cxd4 4. Nxd4 Nf6 5. Nc3 a6 6. Bc4 e6 7. Bb3 b5 8. O-O Be7 9. f4 O-O 10. a3 Bb7 11. f5 e5 12. Nde2 Nbd7 13.
Ng3 Rc8 14. Kh1 Nb6 15. Bd5 Nbxd5 16. exd5 Rxc3 17. bxc3 Nxd5 18. f6 Nxf6 19. Nf5 Be4 20. Bg5 Qd7 21. Nxe7+ Qxe7 22. Qe2 d5 23. a4 Qe6 24. axb5 axb5 25. Ra5 Nd7 26. Rfa1 h6 27. Ra6 Qf5 28. Be7 Re8 29. Rf1 Qh7 30. Qxb5 Bxg2+ 31. Kxg2 Qe4+ 32. Kg1 Rxe7 33. Ra8+ Kh7 34. Qd3 Nc5 35. Qxe4+ Nxe4 36. Rc8 f5 37. Rc6 f4 38. Kg2 Nd2 39. Ra1 e4 40. Kf2 e3+ 41. Ke1 f3 42. Rd1 f2+ 43.
Ke2 Rf7 44. Kxe3 f1=Q 45. Rxf1 Nxf1+ 46. Kd4 Nxh2 47. Kxd5 g5 48. Re6 g4 49. Re2 g3 50. Rg2 Nf1 51. Rg1 Rf2 52. c4 g2 53.
Kd4 Rxc2 54. Kd3 Rd2+ 55. Ke4 Ng3+ 56. Ke3 Rc2 57. Kd3 Ra2 58. Rb1 Nf1 59. Rb7+ Kg6 60. Rb8 Kh5 61. Rg8 Ng3 62. Kd4 0-1

[Event "44th Chess Olympiad Open 2022"]
[Site "Chennai"]
[Date "2022.08.01"]
[Round "4.47"]
[White "Giron, Jorge Ernesto"]
[Black "Maung, Maung Kyaw Zaw Hein"]
[Result "1/2-1/2"]
[WhiteElo "2288"]
[BlackElo "2121"]
[Annotator "NA RC"]
[PlyCount "83"]
[EventDate "2022.??.??"]
[TimeControl "60"]

1. e4 c5 2. Nf3 d6 3. d4 cxd4 4. Nxd4 Nf6 5. Nc3 g6 6. Be3 Bg7 7. Be2 O-O 8. Qd2 Nc6 9. O-O-O Ng4 10. Bxg4 Bxg4 11. f3 Be6 12. Nxe6 fxe6 13. Bh6 Rc8 14. Bxg7 Kxg7 15. Ne2 Qa5 16. Qxa5 Nxa5 17. b3 Nc6 18. Kb2 e5 19. Rhf1 Rf7 20. a3 Rf6 21. Rfe1 h5 22. Rd2 h4 23. h3 Kh6 24. Nc3 Nd4 25. Nd5 Rf7 26. f4 Nc6 27. f5 gxf5 28.
exf5 Rxf5 29. Re4 Kh5 30. b4 Rf7 31. c4 Rcf8 32. b5 Rf2 33.
Kc3 Rxd2 34. Kxd2 Nd4 35. Nxe7 Rf2+ 36. Kd1 Rxg2 37. Nc8 Nf5 38. c5 Rg1+ 39. Kc2 Rg2+ 40. Kd1 Rg1+ 41. Kc2 Rg2+ 42. Kd1 1/2-1/2

[Event "44th Chess Olympiad Open 2022"]
[Site "Chennai"]
[Date "2022.08.01"]
[Round "4.47"]
[White "Arias, Lemnys A."]
[Black "Myat Thiri Aung Kyaw"]
[Result "1-0"]
[WhiteElo "2258"]
[BlackElo "2120"]
[Annotator "TA"]
[PlyCount "164"]
[EventDate "2022.??.??"]
[TimeControl "60"]

1. d4 Nf6 2. c4 e6 3. Nc3 Bb4 4. Qc2 Nc6 5. Nf3 Qe7 6. a3
{[%emt 0:01:09] E33: Nimzo-Indian: Classical: 4...Nc6.} Bxc3+ 7. Qxc3 h6 {[%emt 0:01:06] [#]} 8. b4 $146 {[%emt 0:01:46]
White is slightly better.} ({Predecessor:} 8. g3 O-O 9. Bg2 d6 10. O-O a5 11.
b3 e5 12. dxe5 dxe5 13. Bb2 Re8 14. h3 {1-0 (37) Kahn,E (2307)-Kaufman,R (2274)
Budapest 2006}) 8... a6 9. g3 d5 10. Bb2 O-O 11. Bg2 Bd7 12. O-O Rfd8 13. Rfd1 Be8 14. Rac1 (14. Nd2 $16)
14... Ne4 15. Qc2 Rac8 16.
Nd2 Nxd2 17. Rxd2 Qf6 18. e4 Ne7 19. Re1 c6 20. Rde2 b5 21.
c5 Qg6 22. f3 (22. e5 $142)
22... Kh8 23. Qc1 Ng8 24.
Bc3 Nf6 25. e5 Ng8 26. Re3 Bd7 27. Bf1 Rf8 28. Bd3 f5 29. exf6 Qxf6 30. Qd2 Ne7 31. Bc2 Rf7 32. Qd3 {[%emt 0:04:06]
White is more active.} (32. f4 $142) 32... g5 $16 33. Rf1 Nf5 34. Re5 Rg8 35. Bd2 Rfg7 36. Kf2 Be8 37. Rfe1 Bf7 38. R1e2 Re8 39. Bc3 (39. Kg1 $16)
39... Bg6 {[%emt 0:00:27][%cal Yf5g3] aiming for ...Nxg3!} 40. Qd2 Rf7 {[%emt 0:02:15][%cal Yf5h4] Strongly threatening ...Nh4!} 41. Ke1 Ng7 42. Rf2 Ref8 43. f4 (43. g4 $16) 43... Kh7 $11 44. Bb2 Bxc2 45. Qxc2+ Qg6 46. Bc1 Rf5 47.
Ree2 (47. g4 $5 R5f7 48. Qxg6+ Kxg6 49. Rf3 $11
) 47... g4 48. Qd3 Nh5 (
48... Rh5 $15 49. Kd2 Rh3) 49. a4 (49. Re3 $11) 49... Nf6 $1
$15 50. Rg2 Ne4 51. Ra2 R5f7 52. axb5 axb5 53. Ra6 Rc8 54. Rga2 Kg7 (54... Qf5 $15) 55. Ra7 ({White should
try} 55. Qe3 $11) 55... h5 56. Qe3 {[%emt 0:01:32]
[#]} (56. f5 $15 exf5 57. Bf4) 56... Qf5 $1 $19 57. Rxf7+ Kxf7 ({Worse is} 57... Qxf7 58. f5 $11) 58.
Qa3 Nf6 (58... Rh8 $19 {White must now
prevent ...h4.} 59. Kf1 Kf6) 59. Qe3 (59. Qa7+ $17 Kg6 60. Re2
) 59... Rc7 $2 (59... Rh8 $19 {...Ne4 is the strong threat.}
60. Qe5 h4 61. Qxf5 exf5 62. Ra7+ Ke6) 60. Qe5 $11 Re7 {
[%emt 0:01:27] And now ...Qb1 would win.} 61. Qxf5 exf5+ {
[%emt 0:00:01] Endgame KRB-KRN} 62. Kf1 Re4 63. Ra7+ Ke6 ({Black should play} 63... Kg6
$11 64. Rc7 Rxd4) 64. Rc7 $14 Rxd4 $2 ({
Better is} 64... Ne8 $14 65. Rxc6+ Kd7) 65. Rxc6+ $18 Ke7 {
[%emt 0:00:19] [#] Threatens to win with ...Rd1+.} 66. Rxf6 $1 {[%emt 0:00:21]
KRB-KR} Rd1+ (66... Kxf6 67. Bb2 Kf7 68. Bxd4 Ke7 69. Ke2 Kd7
70. Be5 Kc6 71. Ke3) 67. Ke2 Rxc1 68. Rxf5 {
[%emt 0:00:07] KR-KR} Rc2+ 69. Ke3 Rxh2 70. Kd4 ({Less strong is} 70. Rxd5 Rb2 $16)
70... Rd2+ 71. Ke5 Rd3 $2 (
71... h4 72. gxh4 d4) 72. Rxh5 {[%emt 0:00:09] Threatening mate with Rh7+.} d4 73. Rh7+ {[%emt 0:00:07] White mates.} Kd8 74. c6 Rxg3 75. Kd6 Rh3 76. Rg7 Rh6+ 77. Kc5 d3 78. Rd7+ Kc8 79. Rxd3 Rf6 80.
Rd5 Kc7 81. Rd7+ Kc8 82. Rg7 Rxf4 {[%emt 0:00:00] A wild game.
Weighted Error Value: White=0.22 (precise) /Black=0.22 (precise)} 1-0

[Event "44th Chess Olympiad Open 2022"]
[Site "Chennai"]
[Date "2022.08.01"]
[Round "4.47"]
[White "Nay Lin Tun"]
[Black "Chavez, Ricardo Ernesto"]
[Result "1-0"]
[WhiteElo "2045"]
[BlackElo "2179"]
[Annotator "RC"]
[PlyCount "121"]
[EventDate "2022.??.??"]
[TimeControl "60"]

1. e4 g6 2. d4 Bg7 3. Nf3 d6 4. Be2 Nf6 5. Nc3 O-O 6. O-O e6 7. Re1 Nc6 8. h3 Ne7 9. Bd3 d5 10. e5 Nd7 11. Ne2 c5 12. c3 Nc6 13. Bg5 Qb6 14. Qc1 f6 15.
exf6 Nxf6 16. Nf4 cxd4 17. Nxe6 dxc3 18. bxc3 Bxe6 19. Rxe6 Rae8 20. Rxe8 Rxe8 21. Rb1 Qc7 22. Qf4 Qxf4 23. Bxf4 Re7 24. c4 d4 25. c5 Ne4 26. Re1 Nc3 27. Bc4+ Kh8 28. Rxe7 Nxe7 29. Ng5 Bf6 30. Nf7+ Kg8 31. Nd8+ Ned5 32. Nxb7 d3 33. Bd2 Kf8 34. Bxd3 Nxa2 35. Ba5 Nab4 36. Bb5 Be5 37. Kf1 Bc7 38. Bxc7 Nxc7 39. Bc4 Nc6 40. Ke2 Ke7 41. Ke3 Ne5 42. Bb3 Nd7 43. f4 Nf6 44. g4 Nfd5+ 45.
Ke4 Nf6+ 46. Ke5 Nd7+ 47. Kd4 Nb5+ 48. Kc4 Nc7 49. Kd4 Nb5+ 50. Ke3 Nc7 51. g5 Ne6 52. c6 Nb6 53. Ke4 Na8 54. Ke5 Nac7 55.
h4 Nf8 56. Nd6 Na6 57. Nc8+ Kd8 58. Nxa7 Nc5 59. Bd5 Kc7 60. Nb5+ Kc8 61. Kd6 1-0

[Event "44th Chess Olympiad Open 2022"]
[Site "Chennai"]
[Date "2022.08.01"]
[Round "4.47"]
[White "Zaw Ye Htut"]
[Black "Morales Carlos"]
[Result "0-1"]
[WhiteElo "1255"]
[BlackElo "2036"]
[Annotator "NA RC"]
[PlyCount "136"]
[EventDate "2022.??.??"]
[TimeControl "60"]

1. e4 c6 2. d4 d5 3. exd5 cxd5 4. Bd3 Nc6 5. c3 Nf6 6. Nf3 Bg4 7. Bf4 e6 8. Nbd2 Bd6 9. Bxd6 Qxd6 10. Qb3 Rb8 11. O-O O-O 12. Rfe1 Bh5 13.
Ne5 Bg6 14. Nxg6 hxg6 15. Nf3 Qc7 16. Re2 b5 17. h3 Rfc8 18.
Rc1 Qf4 19. Rce1 b4 20. Qa4 bxc3 21. bxc3 Qc7 22. Ng5 Qa5 23. Qxa5 Nxa5 24. Rc2 Nc4 25. Rcc1 Nd6 26. Re2 Rb6 27. Kf1 Nd7 28. f4 Rbc6 29. Rec2 Nb6 30. Ke1 Na4 31. Kd2 Rb6 32. c4 dxc4 33. Bxc4 Rbc6 34. Bb3 Rxc2+ 35. Rxc2 Rxc2+ 36.
Kxc2 Nb6 37. Kc3 Kf8 38. Kb4 Nf5 39. Kc5 Ke7 40. g4 Nd7+ 41.
Kc4 Nb6+ 42. Kd3 Nd6 43. h4 a5 44. Ne4 a4 45. Bc2 Nd5 46.
Nxd6 Kxd6 47. Bxa4 Nxf4+ 48. Kc4 Nd5 49. Be8 f5 50. g5 f4 51.
Bxg6 f3 52. Bd3 f2 53. h5 Nf4 54. Bf1 Nxh5 55. a4 Ng3 56. Bd3 f1=Q 57. Bxf1 Nxf1 58. Kd3 Ng3 59. a5 Kc6 60. Ke3 Nf5+ 61. Ke4 Nd6+ 62. Ke5 Kd7 63. a6 Nc4+ 64. Ke4 Kd6 65. a7 Nb6 66. g6 Na8 67. d5 exd5+ 68.
Kd4 Nc7 0-1